MLB
TORONTO BLUE JAYS @ LAS VEGAS HUSTLE
08/09/2098
 
TOP OF THE 1ST
Toronto Blue Jays batting - Pitching for Las Vegas Hustle : RHP Javy Jacome
Pitching: RHP Javy Jacome
Batting: LHB Collin Coleman 0-0: Swinging Strike
0-1: Ball
1-1: Called Strike
1-2: Ball
2-2: Ball
3-2: Base on Balls
Batting: RHB Greg Whitaker 0-0: Ball
1-0: Fly out, F8 (Flyball, 8RD, EV 93.1 MPH)
Batting: LHB John Slaff 0-0: Called Strike
0-1: Called Strike
0-2: Ball
1-2: Fielders Choice at 2nd, 4-6 (Groundball, 34, EV 103.1 MPH)
Batting: SHB Dennis Desper 0-0: Called Strike
0-1: Foul Ball, location: 2F
0-2: Fly out, F7 (Flyball, 7LM, EV 93.1 MPH)
Top of the 1st over - 0 runs, 0 hits, 0 errors, 1 left on base; Toronto 0 - Las Vegas 0
BOTTOM OF THE 1ST
Las Vegas Hustle batting - Pitching for Toronto Blue Jays : LHP Domingo Tamayo
Pitching: LHP Domingo Tamayo
Batting: LHB Steve Lawler 0-0: Reached on error, E9 (Flyball, 9S, EV 95.0 MPH)
Batting: RHB Rick Roberds 0-0: Ball
1-0: Grounds into double play, 6-4-3 (Groundball, 6, EV 91.3 MPH)
Batting: RHB Tony Ledezma 0-0: Ball
1-0: Ball
2-0: Foul Ball, location: 9LSF
2-1: Foul Ball, location: 5F
2-2: Ball
3-2: Foul Ball, location: 2F
3-2: DOUBLE (Line Drive, 5D, EV 98.1 MPH)
Batting: RHB John Conway 0-0: Fly out, F9 (Flyball, 9S, EV 74.4 MPH)
Bottom of the 1st over - 0 runs, 1 hit, 1 error, 1 left on base; Toronto 0 - Las Vegas 0
TOP OF THE 2ND
Toronto Blue Jays batting - Pitching for Las Vegas Hustle : RHP Javy Jacome
Batting: LHB Ramon Anguiano 0-0: Ball
1-0: Foul Ball, location: 2F
1-1: Ball
2-1: Ball
3-1: Called Strike
3-2: Fly out, F7 (Flyball, 78D, EV 105.6 MPH)
Batting: LHB Ryan Ricks 0-0: Fly out, F4 (Popup, 34S, EV 91.3 MPH)
Batting: RHB Justin Dupree 0-0: Ball
1-0: Ball
2-0: Ground out 4-3 (Groundball, 4M, EV 80.6 MPH)
Top of the 2nd over - 0 runs, 0 hits, 0 errors, 0 left on base; Toronto 0 - Las Vegas 0
BOTTOM OF THE 2ND
Las Vegas Hustle batting - Pitching for Toronto Blue Jays : LHP Domingo Tamayo
Batting: RHB Clint Hurley 0-0: Swinging Strike
0-1: Ball
1-1: Ball
2-1: Foul Ball, location: 5F
2-2: Foul Ball, location: 2F
2-2: Strikes out swinging
Batting: LHB Yazid Deacon 0-0: Ball
1-0: Foul Ball, location: 7LDF
1-1: Called Strike
1-2: Ball
2-2: Foul Ball, location: 2F
2-2: Strikes out looking
Batting: SHB Josh Osborne 0-0: Swinging Strike
0-1: Called Strike
0-2: Foul Ball, location: 23F
0-2: Ball
1-2: Strikes out swinging
Bottom of the 2nd over - 0 runs, 0 hits, 0 errors, 0 left on base; Toronto 0 - Las Vegas 0
TOP OF THE 3RD
Toronto Blue Jays batting - Pitching for Las Vegas Hustle : RHP Javy Jacome
Batting: SHB Mark Spalding 0-0: Called Strike
0-1: Ball
1-1: Ball
2-1: Ball
3-1: Base on Balls
Batting: SHB Alex Carrillo 0-0: Called Strike
0-1: Ground out 6-3 (Groundball, 4MD, EV 106.9 MPH)
Mark Spalding to second
Batting: LHB Collin Coleman 0-0: Fly out, F7 (Flyball, 7, EV 93.8 MPH)
Batting: RHB Greg Whitaker 0-0: Ball
1-0: Ball
2-0: Ball
3-0: Called Strike
3-1: Ground out 5-3 (Groundball, 5S, EV 75.6 MPH)
Top of the 3rd over - 0 runs, 0 hits, 0 errors, 1 left on base; Toronto 0 - Las Vegas 0
BOTTOM OF THE 3RD
Las Vegas Hustle batting - Pitching for Toronto Blue Jays : LHP Domingo Tamayo
Pitching: RHP Blake Dickerson
Batting: SHB Jose Espinoza 0-0: Called Strike
0-1: Ball
1-1: Ground out 6-3 (Groundball, 6, EV 84.4 MPH)
Batting: SHB Alberto Aguilar 0-0: SINGLE (Groundball, 4MD, EV 100.0 MPH)
Batting: LHB Steve Lawler 0-0: Ball
1-0: Reached on error, E5 (Groundball, 5, EV 85.0 MPH)
Alberto Aguilar to second
Pitching: RHP Adam Lyons
Batting: RHB Rick Roberds 0-0: Foul Ball, location: 9LSF
0-1: Foul Ball, location: 2F
0-2: Fly out, F5 (Popup, 6S, EV 86.3 MPH)
Batting: RHB Tony Ledezma 0-0: Called Strike
0-1: Called Strike
0-2: Foul Ball, location: 5F
0-2: Ball
1-2: Foul Ball, location: 2F
1-2: Foul Ball, location: 9LSF
1-2: SINGLE (Line Drive, 89S, EV 98.1 MPH)
Alberto Aguilar to third
Steve Lawler to second
Runner from 3rd tries for Home, SAFE, throw by RF to home
Batting: RHB John Conway 0-0: Called Strike
0-1: Ball
1-1: Called Strike
1-2: Foul Ball, location: 2F
1-2: Foul Ball, location: 3F
1-2: Ball
2-2: Ball
3-2: Base on Balls
Steve Lawler to third
Tony Ledezma to second
Batting: RHB Clint Hurley 0-0: Called Strike
0-1: Ball
1-1: Called Strike
1-2: Ball
2-2: Foul Ball, location: 9LMF
2-2: Fly out, F8 (Flyball, 8RS, EV 91.3 MPH)
Bottom of the 3rd over - 1 run, 2 hits, 1 error, 3 left on base; Toronto 0 - Las Vegas 1
TOP OF THE 4TH
Toronto Blue Jays batting - Pitching for Las Vegas Hustle : RHP Javy Jacome
Batting: LHB John Slaff 0-0: Ball
1-0: Fly out, F8 (Line Drive, 8RM, EV 90.0 MPH)
Batting: SHB Dennis Desper 0-0: Ball
1-0: Foul Ball, location: 7LMF
1-1: Ball
2-1: SINGLE (Flyball, 6D, EV 95.6 MPH)
Batting: LHB Ramon Anguiano 0-0: Ball
1-0: Foul Ball, location: 2F
1-1: Ball
2-1: Swinging Strike
2-2: Foul Ball, location: 2F
2-2: Ball
3-2: Strikes out swinging
Batting: LHB Ryan Ricks 0-0: Ball
1-0: Ball
2-0: SINGLE (Line Drive, 7S, EV 85.6 MPH)
Dennis Desper to second
Runner from 2nd tries for 3rd, SAFE, no throw by LF
Batting: RHB Justin Dupree 0-0: Ball
1-0: Foul Ball, location: 2LF
1-1: SINGLE (Groundball, 6MS, EV 69.4 MPH) (infield hit)
Dennis Desper scores
Ryan Ricks to second
Batting: SHB Mark Spalding 0-0: Ball
1-0: Ground out U3 (Groundball, 34, EV 86.3 MPH)
Top of the 4th over - 1 run, 3 hits, 0 errors, 2 left on base; Toronto 1 - Las Vegas 1
BOTTOM OF THE 4TH
Las Vegas Hustle batting - Pitching for Toronto Blue Jays : RHP Adam Lyons
Batting: LHB Yazid Deacon 0-0: Called Strike
0-1: Called Strike
0-2: Foul Ball, location: 9LMF
0-2: Ball
1-2: Strikes out swinging
Batting: SHB Josh Osborne 0-0: Ball
1-0: Foul Ball, location: 2F
1-1: Called Strike
1-2: Ball
2-2: Ball
3-2: Foul Ball, location: 2F
3-2: DOUBLE (Flyball, 8LXD, EV 108.1 MPH)
Pitching: RHP Adrian Korner
Batting: SHB Jose Espinoza 0-0: Ball
1-0: Ball
2-0: Foul Ball, location: 2LF
2-1: Called Strike
2-2: Ball
3-2: Strikes out swinging
Batting: SHB Alberto Aguilar 0-0: Ground out 6-3 (Groundball, 6, EV 106.3 MPH)
Bottom of the 4th over - 0 runs, 1 hit, 0 errors, 1 left on base; Toronto 1 - Las Vegas 1
TOP OF THE 5TH
Toronto Blue Jays batting - Pitching for Las Vegas Hustle : RHP Javy Jacome
Batting: SHB Alex Carrillo 0-0: Called Strike
0-1: Ball
1-1: Foul Ball, location: 7LMF
1-2: Ball
2-2: Fly out, F6 (Popup, 6, EV 71.9 MPH)
Batting: LHB Collin Coleman 0-0: Called Strike
0-1: Ball
1-1: Ball
2-1: Ball
3-1: Called Strike
3-2: Foul Ball, location: 2F
3-2: Fly out, F1 (Line Drive, P, EV 62.5 MPH)
Batting: RHB Greg Whitaker 0-0: Ball
1-0: Foul Ball, location: 2F
1-1: Foul Ball, location: 9LMF
1-2: Ground out 6-3 (Groundball, 6, EV 98.1 MPH)
Top of the 5th over - 0 runs, 0 hits, 0 errors, 0 left on base; Toronto 1 - Las Vegas 1
BOTTOM OF THE 5TH
Las Vegas Hustle batting - Pitching for Toronto Blue Jays : RHP Adrian Korner
Batting: LHB Steve Lawler 0-0: Called Strike
0-1: Called Strike
0-2: Ball
1-2: Ball
2-2: Fly out, F8 (Flyball, 8RD, EV 78.1 MPH)
Pitching: RHP Victor Urueta
Batting: RHB Rick Roberds 0-0: Ball
1-0: Foul Ball, location: 2F
1-1: Ball
2-1: Ground out 6-3 (Groundball, 6, EV 79.4 MPH)
Batting: RHB Tony Ledezma 0-0: Foul Ball, location: 23F
0-1: Ball
1-1: Ball
2-1: Foul Ball, location: 3FF
2-2: Ball
3-2: Strikes out swinging
Bottom of the 5th over - 0 runs, 0 hits, 0 errors, 0 left on base; Toronto 1 - Las Vegas 1
TOP OF THE 6TH
Toronto Blue Jays batting - Pitching for Las Vegas Hustle : RHP Javy Jacome
Batting: LHB John Slaff 0-0: Ball
1-0: Ball
2-0: Foul Ball, location: 3F
2-1: Fly out, F9 (Flyball, 9, EV 100.6 MPH)
Batting: SHB Dennis Desper 0-0: Ball
1-0: Ball
2-0: Swinging Strike
2-1: Ball
3-1: Called Strike
3-2: SINGLE (Line Drive, 8LS, EV 99.4 MPH)
Batting: LHB Ramon Anguiano 0-0: Called Strike
0-1: Ball
1-1: Fly out, F7 (Flyball, 78S, EV 99.4 MPH)
Batting: LHB Ryan Ricks 0-0: Ball
1-0: Ball
2-0: Foul Ball, location: 23F
2-1: SINGLE (Groundball, 4MD, EV 106.9 MPH)
Dennis Desper to second
Runner from 2nd tries for 3rd, SAFE, no throw by CF
Batting: RHB Justin Dupree 0-0: SINGLE (Line Drive, 89S, EV 108.1 MPH)
Dennis Desper scores
Ryan Ricks to second
Batting: SHB Mark Spalding 0-0: Ball
1-0: Called Strike
1-1: Swinging Strike
1-2: SINGLE (Line Drive, 56D, EV 101.9 MPH)
Ryan Ricks to third
Justin Dupree to second
Runner from 3rd tries for Home, SAFE, throw by LF to home
Batting: SHB Alex Carrillo 0-0: Called Strike
0-1: Fly out, F8 (Flyball, 8RM, EV 90.0 MPH)
Top of the 6th over - 2 runs, 4 hits, 0 errors, 2 left on base; Toronto 3 - Las Vegas 1
BOTTOM OF THE 6TH
Las Vegas Hustle batting - Pitching for Toronto Blue Jays : RHP Victor Urueta
Batting: RHB John Conway 0-0: Ball
1-0: Called Strike
1-1: Ground out 5-3 (Groundball, 56S, EV 65.6 MPH)
Batting: RHB Clint Hurley 0-0: Ball
1-0: Ball
2-0: Called Strike
2-1: Ball
3-1: Called Strike
3-2: SOLO HOME RUN (Flyball, 78XD, EV 106.3 MPH), Distance : 417 ft
Batting: LHB Yazid Deacon 0-0: Foul Ball, location: 2F
0-1: Foul Ball, location: 7LDF
0-2: Ball
1-2: Ball
2-2: Ball
3-2: Foul Ball, location: 2F
3-2: Base on Balls
Pitching: RHP Ivan Juarez
Batting: SHB Josh Osborne 0-0: Ball
1-0: Ball
2-0: Called Strike
2-1: Ball
3-1: Base on Balls
Yazid Deacon to second
Batting: SHB Jose Espinoza 0-0: Called Strike
0-1: Called Strike
0-2: Ball
1-2: Foul Ball, location: 23FF
1-2: DOUBLE (Flyball, 8RXD, EV 96.9 MPH)
Yazid Deacon scores
Josh Osborne to third
Runner from 3rd tries for Home, SAFE, throw by CF to trailing runner, SAFE at third!
Batting: SHB Alberto Aguilar 0-0: Fly out, F3 (Popup, 3SF, EV 75.6 MPH)
Batting: LHB Steve Lawler 0-0: Ball
1-0: Called Strike
1-1: Foul Ball, location: 9LMFF
1-2: SINGLE (Groundball, 6MD, EV 96.3 MPH)
Jose Espinoza scores
Batting: RHB Rick Roberds 0-0: Ball
1-0: Called Strike
1-1: Ball
2-1: SINGLE (Groundball, 6MD, EV 99.4 MPH)
Steve Lawler to second
Runner from 2nd tries for 3rd, SAFE, no throw by CF
Pitching: RHP Bryan Bassett
Batting: RHB Tony Ledezma 0-0: Foul Ball, location: 25F
0-1: Foul Ball, location: 2F
0-2: Foul Ball, location: 2LF
0-2: Ball
1-2: Fly out, F8 (Flyball, 8LXD, EV 94.4 MPH)
Bottom of the 6th over - 4 runs, 4 hits, 0 errors, 2 left on base; Toronto 3 - Las Vegas 5
TOP OF THE 7TH
Toronto Blue Jays batting - Pitching for Las Vegas Hustle : RHP Javy Jacome
Pitching: RHP Jerry Perez
Batting: LHB Collin Coleman 0-0: Swinging Strike
0-1: Ball
1-1: Ball
2-1: Foul Ball, location: 2F
2-2: Strikes out swinging
Batting: RHB Greg Whitaker 0-0: Ball
1-0: Foul Ball, location: 7LSF
1-1: Called Strike
1-2: SINGLE (Line Drive, 3D, EV 95.6 MPH)
Batting: LHB John Slaff 0-0: Ball
1-0: SINGLE (Line Drive, 8RS, EV 92.5 MPH)
Greg Whitaker to second
Runner from 2nd tries for 3rd, SAFE, no throw by CF
Batting: SHB Dennis Desper 0-0: Called Strike
John Slaff steals 2nd base
0-1: Swinging Strike
0-2: Ball
1-2: Ball
2-2: Foul Ball, location: 2F
2-2: Fly out, F9 (Flyball, 9, EV 85.0 MPH)
Runner from 3rd tags up, SCORES, throw by RF
John Slaff to third
Batting: LHB Ramon Anguiano 0-0: Foul Ball, location: 7LDF
0-1: Ball
1-1: Foul Ball, location: 7LSF
1-2: Foul Ball, location: 2F
1-2: Ball
2-2: Fly out, F7 (Flyball, 7S, EV 83.8 MPH)
Top of the 7th over - 1 run, 2 hits, 0 errors, 1 left on base; Toronto 4 - Las Vegas 5
BOTTOM OF THE 7TH
Las Vegas Hustle batting - Pitching for Toronto Blue Jays : RHP Bryan Bassett
Batting: RHB John Conway 0-0: Called Strike
0-1: Ball
1-1: Fly out, F7 (Flyball, 78M, EV 95.0 MPH)
Batting: RHB Clint Hurley 0-0: Ball
1-0: Ball
2-0: SINGLE (Line Drive, 34, EV 106.9 MPH)
Batting: LHB Yazid Deacon 0-0: Called Strike
0-1: Ball
1-1: Ball
2-1: Called Strike
2-2: Ball
3-2: Strikes out looking
Batting: SHB Josh Osborne 0-0: Swinging Strike
0-1: Foul Ball, location: 3FF
0-2: Strikes out swinging
Bottom of the 7th over - 0 runs, 1 hit, 0 errors, 1 left on base; Toronto 4 - Las Vegas 5
TOP OF THE 8TH
Toronto Blue Jays batting - Pitching for Las Vegas Hustle : RHP Jerry Perez
Batting: LHB Ryan Ricks 0-0: Ball
1-0: Foul Ball, location: 9LDF
1-1: Ground out 4-3 (Groundball, 4, EV 106.9 MPH)
Batting: RHB Justin Dupree 0-0: Swinging Strike
0-1: Swinging Strike
0-2: Ball
1-2: Ball
2-2: Foul Ball, location: 25FF
2-2: Ball
3-2: Base on Balls
Pitching: RHP Billy Fincham
Pinch Hitting: RHB Danny Daugherty 0-0: Foul Ball, location: 5F
0-1: Swinging Strike
0-2: Ball
1-2: Ball
2-2: Strikes out swinging
Batting: SHB Alex Carrillo 0-0: Called Strike
0-1: Ball
1-1: Swinging Strike
1-2: Foul Ball, location: 2F
1-2: Strikes out swinging
Top of the 8th over - 0 runs, 0 hits, 0 errors, 1 left on base; Toronto 4 - Las Vegas 5
BOTTOM OF THE 8TH
Las Vegas Hustle batting - Pitching for Toronto Blue Jays : RHP Bryan Bassett
Pitching: RHP Ryan Czarnecki
Now at SS: Brian Jones
Batting: SHB Jose Espinoza 0-0: Called Strike
0-1: Ball
1-1: Ball
2-1: Foul Ball, location: 2LF
2-2: Strikes out swinging
Batting: SHB Alberto Aguilar 0-0: Ball
1-0: Ball
2-0: Called Strike
2-1: Ball
3-1: Swinging Strike
3-2: Base on Balls
Batting: LHB Steve Lawler 0-0: Called Strike
0-1: Foul Ball, location: 5F
0-2: Ball
1-2: Foul Ball, location: 7LMF
1-2: DOUBLE (Line Drive, 78M, EV 108.1 MPH)
Alberto Aguilar to third
Batting: RHB Rick Roberds 0-0: Ground out 5-3 (Groundball, 56, EV 81.9 MPH)
Batting: RHB Tony Ledezma 0-0: Ball
1-0: Called Strike
1-1: Ball
2-1: Called Strike
2-2: Strikes out swinging
Bottom of the 8th over - 0 runs, 1 hit, 0 errors, 2 left on base; Toronto 4 - Las Vegas 5
TOP OF THE 9TH
Toronto Blue Jays batting - Pitching for Las Vegas Hustle : RHP Billy Fincham
Batting: LHB Collin Coleman 0-0: Ball
1-0: Ball
2-0: Called Strike
2-1: Ball
3-1: Base on Balls
Batting: RHB Greg Whitaker 0-0: Called Strike
0-1: Swinging Strike
0-2: Fielders Choice at 2nd, 1-6 (Groundball, 34S, EV 68.8 MPH)
Batting: LHB John Slaff 0-0: Ball
1-0: Ball
2-0: SINGLE (Groundball, 5S, EV 62.5 MPH) (infield hit)
Greg Whitaker to second
Batting: SHB Dennis Desper 0-0: Swinging Strike
0-1: Swinging Strike
0-2: Strikes out swinging
Batting: LHB Ramon Anguiano 0-0: Called Strike
0-1: Foul Ball, location: 3FF
0-2: Ball
1-2: Foul Ball, location: 7LDF
1-2: Ground out U3 (Groundball, 34, EV 83.8 MPH)
Top of the 9th over - 0 runs, 1 hit, 0 errors, 2 left on base; Toronto 4 - Las Vegas 5
Friday, April 12th , 2024 - OOTP Baseball 24.11 Build 85